 Seeded DCSS version 0.30-a0-652-gcc886f7154 (webtiles) character file.

Game seed: 6749835297915351933 (custom seed)

47 BigDaddyOpFi the Trooper (level 3, -3/33 HPs)
             Began as a Hill Orc Fighter on Jan 17, 2023.
             Slain by Sigmund
             ... wielding a +4 scythe
              (8 damage)
             ... on level 2 of the Dungeon.
             The game lasted 00:00:57 (687 turns).

BigDaddyOpFi the Trooper (Hill Orc Fighter)          Turns: 687, Time: 00:00:58

Health: -3/33      AC:  7    Str: 20    XL:     3   Next: 70%
Magic:  3/3        EV:  9    Int:  8    God:
Gold:   89         SH:  4    Dex: 10    Spells: 2/2 levels left

rFire   . . .      SeeInvis .    a - +0 war axe
rCold   . . .      Faith    .    c - +0 buckler
rNeg    + . .      Spirit   .    b - +0 scale mail
rPois   .          Reflect  .    (no helmet)
rElec   .          Harm     .    (no cloak)
rCorr   .          Rampage  .    (no gloves)
Will    .....                    (no boots) Stlth
                                 (no amulet)
HPRegen 0.25/turn                k - ring of positive energy
MPRegen 0.08/turn                (no ring)

@: mighty, invisible
A: no striking features
a: no special abilities


You were on level 2 of the Dungeon.
You visited 1 branch of the dungeon, and saw 2 of its levels.

You collected 89 gold pieces.

Inventory:

Hand Weapons
 a - a +0 war axe (weapon)
Armour
 b - a +0 scale mail (worn)
 c - a +0 buckler (worn)
Jewellery
 k - a ring of positive energy (left hand)
Scrolls
 f - 3 scrolls of identify
 h - a scroll of fog {unknown}
 i - a scroll of poison {unknown}
Potions
 g - a potion of mutation {unknown}
 j - a potion of resistance {unknown}


   Skills:
 + Level 4.1 Fighting
 + Level 3.5 Axes
 + Level 3.8 Armour
 + Level 3.7 Shields


You had 2 spell levels left.
You didn't know any spells.
Your spell library contained the following spells:

 Spells                   Type           Power      Damage    Failure   Level
 Ensorcelled Hibernation  Hex/Ice        0%         N/A       94%         2
 Spider Form              Tmut/Pois      0%         N/A       99%         3
 Anguish                  Hex/Necr       0%         N/A       100%        4


Dungeon Overview and Level Annotations

Branches:
Dungeon (2/15)

Altars:

Annotations:
D:2 Sigmund


Message History

There are monsters nearby!
There are monsters nearby!
There are monsters nearby!
Sigmund the Dreaded comes into view.
He is wielding a +4 scythe.
Sigmund mumbles some strange words.
Sigmund flickers and vanishes!
Deactivating autopickup; reactivate with Ctrl-A.
You slash the bat!
You kill the bat!
You barely miss the kobold. The kobold barely misses you.
You hit the kobold.
You kill the kobold!
Something hits you. The hobgoblin hits you.
You slash the hobgoblin!
You kill the hobgoblin!
You hear some strange, mumbled words.
A puff of flame appears from out of thin air!
The puff of flame hits you. Something hits you but does no damage.
No target in view!
No target in view!
No target in view!
No target in view!
No target in view!
No target in view!
No target in view!
No target in view!
No target in view!
No target in view!
No target in view!
No target in view!
As you read the scroll labelled REUROW BOBRACW, it crumbles to dust.
It is a scroll of identify.
e - a potion of invisibility You fade into invisibility!
Something hits you!
You feel very mighty all of a sudden. Something hits you!
* * * LOW HITPOINT WARNING * * *
You miss something. Something hits you!
You die...

#.# ## #.# #..
... .
##.####.######.#
#.....#.........
#.............#
#....#....^.#.#
#....).<......#
#....@#†>##.#?#
#....{.......
#....#......#
#.........#.#
#..#.#....#.#
#..#.###### # #.
#. #. ##


There were no monsters in sight!

Vanquished Creatures
  A gnoll (D:1)
  A dart slug (D:1)
  6 endoplasms (D:1)
  4 goblins (D:1)
  5 hobgoblins
  2 quokkas (D:1)
  4 ball pythons (D:1)
  3 bats
  2 frilled lizards (D:1)
  4 kobolds
  A rat (D:1)
33 creatures vanquished.

Notes
Turn   | Place    | Note
-------+----------+-------------------------------------------
     0 | D:1      | BigDaddyOpFi the Hill Orc Fighter began the quest for the
                  | Orb.
     0 | D:1      | Reached XP level 1. HP: 19/19 MP: 1/1
    61 | D:1      | Reached XP level 2. HP: 12/27 MP: 2/2
   321 | D:1      | Reached skill level 4 in Fighting
   324 | D:1      | Reached XP level 3. HP: 20/33 MP: 3/3
   678 | D:2      | Noticed Sigmund
   687 | D:2      | Slain by Sigmund

Illustrated notes

Levels and vault maps discovered:
D:1:      minmay_arrival_nine_rooms, layout_rooms
D:2:      layout_basic, chequers_serial_rivers_micro_b, minmay_tromino_mix6,
          uniq_sigmund

Skill      XL: |  1  2 |
---------------+-------+-----
Axes           | 3 |  3.5
Fighting       | 4 |  4.1
Armour         | |  3.8
Shields        | |  3.7

Action                   || total
-------------------------++-------
Melee: War axe           ||   100
  Use: Potion            ||     2
       Scroll            ||     1
Armor: Scale mail        ||    53
Dodge: Dodged            ||    65
Block: Buckler           ||    17

Table legend: (Time is in decaauts)
 A = Elapsed time spent in this place.
 B = Non-inter-level travel time spent in this place.
 C = Inter-level travel time spent in this place.
 D = Time resting spent in this place.
 E = Time spent auto-exploring this place.
 F = Levels seen in this place.
 G = Mean time per level.
                   A        B        C        D        E       F      G
               +--------+--------+--------+--------+--------+-----+--------+
         Total |    725 |    697 |     28 |      0 |    466 |   2 |  362.5 |
       Dungeon |    725 |    697 |     28 |      0 |    466 |   2 |  362.5 |
               +--------+--------+--------+--------+--------+-----+--------+

Top non-repeatable levels by time:
     D:1: 714 daAuts
     D:2: 11 daAuts
